 Dungeon Crawl Stone Soup version 0.31.0-32-g396128a36d (webtiles) character file.

Game seed: 13936596736084761826

128 Silvore the Covered (level 4, -2/41 HPs)
             Began as a Minotaur Fighter on Mar 20, 2024.
             Incinerated by a bombardier beetle (8 damage)
             ... with a burning spray
             ... on level 3 of the Dungeon.
             The game lasted 00:03:04 (1844 turns).

Silvore the Covered (Minotaur Fighter)              Turns: 1844, Time: 00:03:04

Health: -2/41      AC:  9    Str: 22    XL:     4   Next: 87%
Magic:  3/3        EV:  9    Int:  5    God:
Gold:   195        SH:  4    Dex: 10    Spells: 3/3 levels left

rFire   . . .        a - +0 flail
rCold   . . .        c - +0 buckler
rNeg    . . .        b - +0 scale mail
rPois   .            g - +2 hat
rElec   .            (no cloak)
rCorr   .            (no gloves)
SInv    .            (no boots)
Will    .....        (no amulet) Stlth
                     (no ring)
HPRegen 0.26/turn    (no ring)
MPRegen 0.08/turn

%: no passive effects
@: on fire, glowing
A: horns 2, retaliatory headbutt
a: no special abilities


You were on level 3 of the Dungeon.
You visited 1 branch of the dungeon, and saw 3 of its levels.

You collected 195 gold pieces.

Inventory:

Hand Weapons
 a - a +0 flail (weapon)
Armour
 b - a +0 scale mail (worn)
 c - a +0 buckler (worn)
 g - a +2 hat (worn)
Jewellery
 n - an amulet of reflection
Wands
 k - a wand of light (10)
Scrolls
 f - 5 scrolls of identify {unknown}
 h - a scroll of enchant weapon {unknown}
 i - 3 scrolls of poison {unknown}
 l - a scroll of vulnerability {unknown}
 m - a scroll of silence {unknown}
 p - a scroll of fear {unknown}
 q - a scroll of brand weapon {unknown}
 r - a scroll of revelation {unknown}
Potions
 d - a potion of might
 e - a potion of brilliance {unknown}
 j - a potion of curing {unknown}
 o - a potion of heal wounds {unknown}


   Skills:
 + Level 4.6 Fighting
 + Level 3.6 Maces & Flails
 + Level 4.7 Armour
 + Level 0.5 Dodging
 + Level 0.1 Stealth
 + Level 4.4 Shields


You had 3 spell levels left.
You didn't know any spells.
Your spell library was empty.

Dungeon Overview and Level Annotations

Branches:
Dungeon (3/15)

Altars:
Yredelemnul


Innate Abilities, Weirdness & Mutations

You have a pair of horns on your head.
You reflexively headbutt those who attack you in melee.


Message History

You hit the ball python.
The ball python is severely wounded.
The ball python bites you but does no damage.
The ball python constricts you. You block the ball python's attack.
The ball python constricts you.
You sock the ball python!
You kill the ball python!
A bombardier beetle comes into view.
A bombardier beetle is nearby!
Found 4 gold pieces.
The bombardier beetle sprays incendiary fluid at you.
The burning spray hits you.
You are covered in liquid fire!
You shake off some of the fire as you move.
The liquid fire burns you!
You shake off some of the fire as you move.
The liquid fire burns you!
The bombardier beetle bites you but does no damage.
You closely miss the bombardier beetle. The liquid fire burns you!
You hit the bombardier beetle.
The bombardier beetle is moderately wounded.
The liquid fire burns you!
The bombardier beetle bites you but does no damage.
You hit the bombardier beetle. You headbutt the bombardier beetle.
The bombardier beetle is almost dead.
The liquid fire burns you!
The bombardier beetle sprays incendiary fluid at you.
The burning spray hits you.
You are even more covered in liquid fire!
You completely miss the bombardier beetle.
The bombardier beetle is almost dead.
The liquid fire burns you!
* * * LOW HITPOINT WARNING * * *
The bombardier beetle bites you.
* * * LOW HITPOINT WARNING * * *
You hit the bombardier beetle.
You kill the bombardier beetle!
The liquid fire burns you!
You die...

######## ###########
#.....#.
#.........####.###.#.
#.........#.<..##....
...#...†.....#....##.#..
.......@.....'..........
.............####+##.#.#
..$###!.#######......###
# ##.. ##......... ##.
#<.....### ## #........#
#.##.....+ #.####...##
..# #.....


There were no monsters in sight!

Vanquished Creatures
  A bombardier beetle (D:3)
  6 gnolls
  A ribbon worm (D:2)
  2 dart slugs
  5 orcs (D:3)
  7 endoplasms
  A giant cockroach (D:1)
  6 goblins
  2 hobgoblins (D:2)
  A kobold (D:1)
  4 quokkas
  5 ball pythons
  7 bats
  7 frilled lizards
  7 rats
62 creatures vanquished.

Notes
Turn   | Place    | Note
-------+----------+-------------------------------------------
     0 | D:1      | Silvore the Minotaur Fighter began the quest for the Orb.
     0 | D:1      | Reached XP level 1. HP: 19/19 MP: 0/0
    91 | D:1      | Reached XP level 2. HP: 23/27 MP: 1/1
   331 | D:1      | Reached XP level 3. HP: 33/33 MP: 2/2
  1296 | D:2      | Reached XP level 4. HP: 40/40 MP: 3/3
  1374 | D:2      | Found a basalt altar of Yredelemnul.
  1844 | D:3      | Incinerated by a bombardier beetle

Illustrated notes

Levels and vault maps discovered:
D:1:      grunt_arrival_lava_bath, layout_basic, dreamdust_princess_bridge,
          st_stairs_13, minmay_pentomino_r4
D:2:      layout_basic, basic_altar, grunt_ministairs_7, hangedman_glass_garden
D:3:      layout_basic, grunt_ministairs_13

Skill      XL: |  1  2  3 |
---------------+----------+-----
Armour         | 4 |  4.7
Fighting       | 4 |  4.6
Shields        | 4 |  4.4
Maces & Flails | 3 |  3.6
Dodging        | |  0.5
Stealth        | |  0.1

Action                     |  1- 3 |  4- 6 || total
---------------------------+-------+-------++-------
  Melee: Flail             |    76 |    60 ||   136
         Headbutt          |    14 |    11 ||    25
 Armour: Scale mail        |    43 |    44 ||    87
  Dodge: Dodged            |    33 |    26 ||    59
  Block: Buckler           |    12 |    19 ||    31
